3A
LOUISIANA DRAGOONS @ BELLEVILLE BULLS
09/02/2032
 
TOP OF THE 1ST
Louisiana Dragoons batting - Pitching for Belleville Bulls : RHP António Esquivel
Pitching: RHP António Esquivel
Batting: LHB Carlos Barrera 0-0: Ball
1-0: Ball
2-0: Ball
3-0: Base on Balls
Batting: RHB Mike Printup 0-0: Foul Ball, location: 2F
0-1: Ball
1-1: Swinging Strike
1-2: Ball
2-2: Ball
3-2: Fly out, F7 (Flyball, 7D)
Runner from 1st tags up, SAFE at 2nd
Batting: RHB Pat Lloyd 0-0: Ball
1-0: Called Strike
1-1: Foul Ball, location: 2F
1-2: Strikes out swinging
Batting: LHB Ken Gill 0-0: Called Strike
0-1: Ball
1-1: Ball
2-1: Foul Ball, location: 2F
2-2: Foul Ball, location: 2F
2-2: Ball
3-2: Foul Ball, location: 2F
3-2: Ground out 6-3 (Groundball, 6)
Top of the 1st over - 0 runs, 0 hits, 0 errors, 1 left on base; Louisiana 0 - Belleville 0
BOTTOM OF THE 1ST
Belleville Bulls batting - Pitching for Louisiana Dragoons : RHP Claudio Martínez
Pitching: RHP Claudio Martínez
Batting: RHB José Bumgarnor 0-0: Fly out, F8 (Flyball, 8LM)
Batting: LHB Don McGhee 0-0: SINGLE (Line Drive, 4)
Batting: RHB Rey McSriff 0-0: Swinging Strike
0-1: Swinging Strike
0-2: Foul Ball, location: 2F
0-2: Strikes out swinging
Batting: RHB Silvian Burger 0-0: Called Strike
0-1: Ball
1-1: Called Strike
1-2: Ball
2-2: Ball
3-2: Foul Ball, location: 2F
3-2: Fly out, F3 (Popup, 3SF)
Bottom of the 1st over - 0 runs, 1 hit, 0 errors, 1 left on base; Louisiana 0 - Belleville 0
TOP OF THE 2ND
Louisiana Dragoons batting - Pitching for Belleville Bulls : RHP António Esquivel
Batting: SHB Francisco Enríquez 0-0: Called Strike
0-1: Ball
1-1: Ball
2-1: Ball
3-1: Ground out 5-3 (Groundball, 56)
Batting: RHB Hang-ki Chung 0-0: Called Strike
0-1: Ball
1-1: Called Strike
1-2: Ball
2-2: Hit by Pitch
Batting: LHB Bill Gracián 0-0: Called Strike
0-1: Ball
1-1: Fly out, F8 (Flyball, 8LS)
Batting: RHB Min-gook Ch'oe 0-0: SINGLE (Groundball, 56D)
Hang-ki Chung to second
Batting: RHB Carlos Amaya 0-0: Foul Ball, location: 2F
0-1: Ball
1-1: Ball
2-1: Ball
3-1: Foul Ball, location: 2F
3-2: Foul Ball, location: 2F
3-2: Strikes out looking
Top of the 2nd over - 0 runs, 1 hit, 0 errors, 2 left on base; Louisiana 0 - Belleville 0
BOTTOM OF THE 2ND
Belleville Bulls batting - Pitching for Louisiana Dragoons : RHP Claudio Martínez
Batting: RHB Cheh Zhi 0-0: Called Strike
0-1: Swinging Strike
0-2: Foul Ball, location: 2F
0-2: Ball
1-2: Strikes out swinging
Batting: RHB Eric Harvey 0-0: Called Strike
0-1: Ball
1-1: Ball
2-1: Fly out, F5 (Line Drive, 56)
Batting: RHB Manuel Vroonland 0-0: Ball
1-0: SINGLE (Groundball, 56D)
Batting: SHB Júlio Moreno 0-0: Called Strike
0-1: Ball
1-1: SINGLE (Groundball, 4) (infield hit)
Manuel Vroonland to second
Batting: RHB Chi-hyeong Kim 0-0: Fielders Choice at 2nd, 6-4 (Groundball, 6)
Bottom of the 2nd over - 0 runs, 2 hits, 0 errors, 2 left on base; Louisiana 0 - Belleville 0
TOP OF THE 3RD
Louisiana Dragoons batting - Pitching for Belleville Bulls : RHP António Esquivel
Batting: LHB Carlos Barrera 0-0: Called Strike
0-1: Called Strike
0-2: Ground out U3 (Groundball, 3)
Batting: RHB Mike Printup 0-0: Swinging Strike
0-1: Called Strike
0-2: Ball
1-2: Fly out, F9 (Flyball, 9S)
Batting: RHB Pat Lloyd 0-0: Foul Ball, location: 2F
0-1: Fly out, F7 (Flyball, 7S)
Top of the 3rd over - 0 runs, 0 hits, 0 errors, 0 left on base; Louisiana 0 - Belleville 0
BOTTOM OF THE 3RD
Belleville Bulls batting - Pitching for Louisiana Dragoons : RHP Claudio Martínez
Batting: RHB José Bumgarnor 0-0: Ball
1-0: Ball
2-0: Ball
3-0: Called Strike
3-1: SINGLE (Line Drive, 56D)
Batting: LHB Don McGhee 0-0: Ball
1-0: Ball
2-0: Ball
3-0: Called Strike
3-1: Base on Balls
José Bumgarnor to second
Batting: RHB Rey McSriff 0-0: Ball
1-0: Grounds into double play, 6-4-3 (Groundball, 6M)
José Bumgarnor to third
Batting: RHB Silvian Burger 0-0: Swinging Strike
0-1: Fly out, F8 (Flyball, 8LXD)
Bottom of the 3rd over - 0 runs, 1 hit, 0 errors, 1 left on base; Louisiana 0 - Belleville 0
TOP OF THE 4TH
Louisiana Dragoons batting - Pitching for Belleville Bulls : RHP António Esquivel
Batting: LHB Ken Gill 0-0: Foul Ball, location: 2F
0-1: Ball
1-1: Fly out, F7 (Flyball, 7S)
Batting: SHB Francisco Enríquez 0-0: Foul Ball, location: 2F
0-1: Foul Ball, location: 2F
0-2: Strikes out looking
Batting: RHB Hang-ki Chung 0-0: Ball
1-0: Ball
2-0: Ball
3-0: Base on Balls
Batting: LHB Bill Gracián 0-0: Called Strike
Pickoff Throw to First - Error! E1
Hang-ki Chung to second
0-1: Ball
1-1: Swinging Strike
1-2: Ball
2-2: Ball
3-2: Foul Ball, location: 2F
3-2: Base on Balls
Pitching: RHP Mario Galván
Batting: RHB Min-gook Ch'oe 0-0: Called Strike
0-1: Ball
1-1: Called Strike
1-2: Foul Ball, location: 2F
1-2: Foul Ball, location: 2F
1-2: Ball
2-2: Foul Ball, location: 2F
2-2: Foul Ball, location: 2F
2-2: Ball
3-2: Strikes out swinging
Top of the 4th over - 0 runs, 0 hits, 1 error, 2 left on base; Louisiana 0 - Belleville 0
BOTTOM OF THE 4TH
Belleville Bulls batting - Pitching for Louisiana Dragoons : RHP Claudio Martínez
Batting: RHB Cheh Zhi 0-0: SINGLE (Groundball, 56D)
Batting: RHB Eric Harvey 0-0: Ball
1-0: Fly out, F4 (Line Drive, 4M)
Batting: RHB Manuel Vroonland 0-0: Ball
1-0: DOUBLE (Line Drive, 78D)
Cheh Zhi to third
Runner from 3rd tries for Home, SAFE, no throw
Batting: SHB Júlio Moreno 0-0: Ball
1-0: Called Strike
1-1: Ball
2-1: Ground out 4-3 (Groundball, 4)
Manuel Vroonland to third
Batting: RHB Chi-hyeong Kim 0-0: Ball
1-0: Ball
2-0: Called Strike
2-1: Foul Ball, location: 2F
2-2: Ball
3-2: Strikes out swinging
Bottom of the 4th over - 1 run, 2 hits, 0 errors, 1 left on base; Louisiana 0 - Belleville 1
TOP OF THE 5TH
Louisiana Dragoons batting - Pitching for Belleville Bulls : RHP Mario Galván
Batting: RHB Carlos Amaya 0-0: Ball
1-0: Foul Ball, location: 2F
1-1: Ball
2-1: Foul Ball, location: 2F
2-2: Ball
3-2: DOUBLE (Line Drive, 78D)
Batting: LHB Carlos Barrera 0-0: Called Strike
0-1: Ball
1-1: Ball
2-1: Ball
3-1: Base on Balls
Batting: RHB Mike Printup 0-0: Sac Bunt - play at first, batter safe!
Carlos Amaya to third
Carlos Barrera to second
Batting: RHB Pat Lloyd 0-0: Ball
1-0: Grounds into fielders choice 1-2 (Groundball, P)
Carlos Barrera to third
Mike Printup to second
Batting: LHB Ken Gill 0-0: Foul Ball, location: 2F
0-1: Ball
1-1: Foul Ball, location: 2F
1-2: Ball
2-2: Foul Ball, location: 2F
2-2: Foul Ball, location: 2F
2-2: SINGLE (Groundball, 6MD)
Carlos Barrera scores
Mike Printup to third
Pat Lloyd to second
Runner from 3rd tries for Home, SAFE, no throw
Batting: SHB Francisco Enríquez 0-0: Called Strike
0-1: Fielders Choice at 2nd, 4-6 (Groundball, 4D)
Pat Lloyd to third
Batting: RHB Hang-ki Chung 0-0: Ball
1-0: Swinging Strike
1-1: Foul Ball, location: 2F
1-2: Ball
2-2: Strikes out looking
Top of the 5th over - 2 runs, 3 hits, 0 errors, 2 left on base; Louisiana 2 - Belleville 1
BOTTOM OF THE 5TH
Belleville Bulls batting - Pitching for Louisiana Dragoons : RHP Greg Kennamer
Pitching: RHP Greg Kennamer
Batting: RHB José Bumgarnor 0-0: Swinging Strike
0-1: Bunt missed!
0-2: Foul Ball, location: 2F
0-2: SINGLE (Line Drive, 78S)
Batting: LHB Don McGhee 0-0: Ball
1-0: Called Strike
1-1: Fly out, F4 (Line Drive, 4)
Batting: RHB Rey McSriff 0-0: Called Strike
0-1: DOUBLE (Flyball, 78D)
José Bumgarnor to third
Runner from 3rd tries for Home, SAFE, no throw
Batting: RHB Silvian Burger 0-0: Called Strike
0-1: Foul Ball, location: 2F
0-2: Ball
1-2: Strikes out swinging
Batting: RHB Cheh Zhi 0-0: Called Strike
0-1: Foul Ball, location: 2F
0-2: Hit by Pitch
Batting: RHB Eric Harvey 0-0: Called Strike
0-1: Fly out, F8 (Flyball, 8RM)
Bottom of the 5th over - 1 run, 2 hits, 0 errors, 2 left on base; Louisiana 2 - Belleville 2
TOP OF THE 6TH
Louisiana Dragoons batting - Pitching for Belleville Bulls : RHP Mario Galván
Batting: LHB Bill Gracián 0-0: Swinging Strike
0-1: Ball
1-1: Ball
2-1: Ball
3-1: Base on Balls
Batting: RHB Min-gook Ch'oe 0-0: Ball
1-0: Called Strike
1-1: Swinging Strike
1-2: Strikes out swinging
Batting: RHB Carlos Amaya 0-0: Grounds into double play, 4-6-3 (Groundball, 4)
Top of the 6th over - 0 runs, 0 hits, 0 errors, 0 left on base; Louisiana 2 - Belleville 2
BOTTOM OF THE 6TH
Belleville Bulls batting - Pitching for Louisiana Dragoons : RHP Greg Kennamer
Batting: RHB Manuel Vroonland 0-0: Ball
1-0: Called Strike
1-1: Ball
2-1: Foul Ball, location: 2F
2-2: Fly out, F6 (Line Drive, 6M)
Batting: SHB Júlio Moreno 0-0: Fly out, F6 (Line Drive, 56)
Batting: RHB Chi-hyeong Kim 0-0: Ball
1-0: Ball
2-0: Ground out 4-3 (Groundball, 4M)
Bottom of the 6th over - 0 runs, 0 hits, 0 errors, 0 left on base; Louisiana 2 - Belleville 2
TOP OF THE 7TH
Louisiana Dragoons batting - Pitching for Belleville Bulls : RHP Mario Galván
Pinch Hitting: LHB Walt Trombly 0-0: Called Strike
0-1: Ball
1-1: Ball
2-1: Reached on error, E4 (Groundball, 4S)
Batting: RHB Mike Printup 0-0: Sac Bunt - play at first, batter OUT! 1-4
Walt Trombly to second
Batting: RHB Pat Lloyd 0-0: Ball
1-0: Ball
2-0: Ball
3-0: Base on Balls
Batting: LHB Ken Gill 0-0: Ball
1-0: Fly out, F5 (Popup, 5SF)
Pitching: RHP Ken Dundee
Batting: SHB Francisco Enríquez 0-0: Ball
1-0: Fly out, F8 (Flyball, 8RS)
Top of the 7th over - 0 runs, 0 hits, 1 error, 2 left on base; Louisiana 2 - Belleville 2
BOTTOM OF THE 7TH
Belleville Bulls batting - Pitching for Louisiana Dragoons : RHP Greg Kennamer
Now in CF: Walt Trombly
Batting: RHB José Bumgarnor 0-0: Swinging Strike
0-1: Ball
1-1: Foul Ball, location: 2F
1-2: Ball
2-2: Strikes out swinging
Batting: LHB Don McGhee 0-0: Ball
1-0: Called Strike
1-1: Fly out, F7 (Line Drive, 7S)
Batting: RHB Rey McSriff 0-0: SOLO HOME RUN (Line Drive, 7D), Distance : 422 ft
Batting: RHB Silvian Burger 0-0: Ground out 4-3 (Groundball, 4)
Bottom of the 7th over - 1 run, 1 hit, 0 errors, 0 left on base; Louisiana 2 - Belleville 3
TOP OF THE 8TH
Louisiana Dragoons batting - Pitching for Belleville Bulls : RHP Ken Dundee
Batting: RHB Hang-ki Chung 0-0: Ball
1-0: Ground out 4-3 (Groundball, 34)
Batting: LHB Bill Gracián 0-0: Ball
1-0: Ball
2-0: Foul Ball, location: 2F
2-1: SINGLE (Groundball, 34D)
Pitching: RHP Walid bin Amid
Batting: RHB Min-gook Ch'oe 0-0: Ball
1-0: Foul Ball, location: 2F
1-1: Ball
2-1: Swinging Strike
2-2: Foul Ball, location: 2F
2-2: Strikes out swinging
Pinch Hitting: LHB António Candelária 0-0: Called Strike
0-1: Foul Ball, location: 2F
0-2: Ball
1-2: Foul Ball, location: 2F
1-2: Foul Ball, location: 2F
1-2: SINGLE (Flyball, 89M)
Bill Gracián to second
Runner from 2nd tries for 3rd, SAFE, no throw
Batting: LHB Walt Trombly 0-0: Ball
1-0: Ground out 4-3 (Groundball, 4)
Top of the 8th over - 0 runs, 2 hits, 0 errors, 2 left on base; Louisiana 2 - Belleville 3
BOTTOM OF THE 8TH
Belleville Bulls batting - Pitching for Louisiana Dragoons : RHP Greg Kennamer
Now at 1B: António Candelária
Batting: RHB Cheh Zhi 0-0: Called Strike
0-1: Ball
1-1: Ground out 4-3 (Groundball, 4)
Batting: RHB Eric Harvey 0-0: Called Strike
0-1: Ball
1-1: Ball
2-1: Swinging Strike
2-2: Ball
3-2: Base on Balls
Pitching: RHP Jorge Ochoa
Batting: RHB Manuel Vroonland 0-0: Fly out, F9 (Flyball, 9D)
Batting: SHB Júlio Moreno 0-0: Ball
1-0: Called Strike
1-1: Foul Ball, location: 2F
1-2: Fly out, F7 (Flyball, 7LM)
Bottom of the 8th over - 0 runs, 0 hits, 0 errors, 1 left on base; Louisiana 2 - Belleville 3
TOP OF THE 9TH
Louisiana Dragoons batting - Pitching for Belleville Bulls : RHP Walid bin Amid
Pitching: RHP Kevin Pilkington
Batting: RHB Mike Printup 0-0: Ball
1-0: Called Strike
1-1: Ground out 6-3 (Groundball, 6)
Batting: RHB Pat Lloyd 0-0: Swinging Strike
0-1: Foul Ball, location: 2F
0-2: SINGLE (Line Drive, 8LS)
Batting: LHB Ken Gill 0-0: Foul Ball, location: 2F
0-1: Ball
1-1: Ball
2-1: Foul Ball, location: 2F
2-2: Strikes out swinging
Batting: SHB Francisco Enríquez 0-0: Ball
1-0: Foul Ball, location: 2F
1-1: Ball
2-1: SINGLE (Line Drive, 8LS)
Pat Lloyd to second
Batting: RHB Hang-ki Chung 0-0: Ground out 1-3 (Groundball, 15)
Top of the 9th over - 0 runs, 2 hits, 0 errors, 2 left on base; Louisiana 2 - Belleville 3
Wednesday, September 19th, 2018 - OOTP Baseball 18.8 Build 76